Match 41876514
Unlisted

Match 41876514
End
Kradschützen Motorcycle Team
250 Light Carrier
Panzerpioneer Squad
250 Light Carrier
Construct Light Support Kompanie
Construct Mechanized Kompanie
8 Rad Armored Car
Assault Mechanized Group
Vehicle Survival Package
Combat Half-tracks
Tungsten Core Ammunition
Construct Panzerarmee Kommand
Emergency Repair Kits
Panzer III L Medium Tank
Rapid Advance
Selects Armored Support Battlegroup
Selects Veteran Gunners
Selects Flammpanzer III Medium Tank
Selects Salvage Kits
Panzer III L Medium Tank
Armored Reserves
(502) Bad Gateway
CanKanbak
0
0

Comments sign in to comment!

No comments posted yet!